 Dungeon Crawl Stone Soup version 0.19.5 (webtiles) character file.

637 JeffiDaFish the Chiller (level 7, -3/43 HPs)
             Began as a High Elf Ice Elementalist on Mar 29, 2017.
             Was an Initiate of Sif Muna.
             Slain by an orc
             ... wielding a +0 trident
              (9 damage)
             ... on level 4 of the Dungeon.
             The game lasted 00:22:59 (4333 turns).

JeffiDaFish the Chiller (High Elf Ice Elementalist) Turns: 4333, Time: 00:22:59

Health: -3/43      AC:  6    Str:  7    XL:     7   Next: 25%
Magic:  14/14      EV: 13    Int: 20    God:    Sif Muna [......]
Gold:   213        SH:  0    Dex: 19    Spells: 5 memorised, 0 levels left

rFire  . . .     SeeInvis .     e - +1 rapier
rCold  + . .     Gourm    .     n - +0 leather armour {rC+}
rNeg   . . .     Faith    .     (no shield)
rPois  .         Spirit   .     (no helmet)
rElec  .         Reflect  .     d - +2 cloak
rCorr  .         Harm     .     (no gloves)
MR     +....                    (no boots)
Stlth  ++........               (no amulet)
                                k - ring of protection from magic
                                j - +2 ring of intelligence

@: no status effects
A: no striking features
a: Renounce Religion


You were on level 4 of the Dungeon.
You worshipped Sif Muna.
Sif Muna was noncommittal.
You were not hungry.

You visited 2 branches of the dungeon, and saw 6 of its levels.

You collected 213 gold pieces.

Inventory:

Hand Weapons
 e - a +1 rapier (weapon)
Armour
 d - a +2 cloak (worn)
 n - a +0 leather armour of cold resistance (worn)
Jewellery
 a - an uncursed ring of magical power {unknown}
 j - a +2 ring of intelligence (left hand)
 k - a ring of protection from magic (right hand)
 q - a +3 ring of slaying {unknown}
Wands
 s - a wand of flame (29/48)
Scrolls
 h - 2 scrolls of magic mapping
 o - 3 scrolls of recharging
 p - 2 scrolls of teleportation
Potions
 m - a potion of curing
 r - a potion of brilliance
Books
 b - a book of Frost

   Spells                             Type                      Level
   a - Freeze                         Ice                          1
   b - Throw Frost                    Conjuration/Ice              2
   c - Ozocubu's Armour               Charms/Ice                   3
   d - Throw Icicle                   Conjuration/Ice              4
   e - Summon Ice Beast               Ice/Summoning                4
 i - a book of Minor Magic

   Spells                             Type                      Level
   a - Magic Dart                     Conjuration                  1
   b - Blink                          Translocation                2
   c - Call Imp                       Summoning                    2
   d - Repel Missiles                 Charms/Air                   2
   e - Slow                           Hexes                        2
   f - Conjure Flame                  Conjuration/Fire             3
   g - Mephitic Cloud                 Conjuration/Poison/Air       3
Comestibles
 c - 8 bread rations
 f - 2 meat rations
 g - 6 fruits
 l - 3 beef jerkies
 t - 2 chunks of flesh


   Skills:
 + Level 1.5 Fighting
 + Level 2.6 Short Blades
 + Level 1.4 Armour
 + Level 3.2 Dodging
 - Level 2.3 Stealth
 * Level 4.1 Spellcasting
 * Level 3.1 Conjurations
 + Level 2.1 Charms
 + Level 1.1 Summonings
 * Level 5.1 Ice Magic


You couldn't memorise any spells.
You knew the following spells:

 Your Spells              Type           Power        Failure   Level  Hunger
a - Freeze                Ice            ###.         2%          1    None
b - Throw Frost           Conj/Ice       ###...       6%          2    #......
c - Ozocubu's Armour      Chrm/Ice       ###.....     14%         3    ###....
d - Summon Ice Beast      Ice/Summ       ###.....     56%         4    ####...
e - Throw Icicle          Conj/Ice       ###.....     34%         4    ####...


Dungeon Overview and Level Annotations

Branches:
Dungeon (5/15)             Temple (1/1) D:4

Altars:
Ashenzari
Dithmenos
Elyvilon
Fedhas
Gozag
Hepliaklqana
Makhleb
Nemelex Xobeh
Ru
Sif Muna
Vehumet
Xom
Yredelemnul
Zin
The Shining One


Message History

a war axe of freezing; a leather armour
Things that are here:
a dagger; a robe The iguana is no longer moving slowly.
A worker ant zombie comes into view.
An orc comes into view. It is wielding a trident.
The orc shouts! x2
An orc comes into view. It is wielding a hand axe.
The orc closely misses you.
The orc complains repeatedly.
There is a stone staircase leading up here.
The worker ant zombie closely misses you.
The orc closely misses you. The orc hits you with a whip.
* * * LOW HITPOINT WARNING * * *
You climb upwards.
There is a stone staircase leading down here.
You hit the orc.
The orc is severely wounded.
The orc hits you with a trident!
You die...

#............#....#.........#....
..#..........#..........#.#......
#................................
###.)........#........#..##.#....
...........#.............##.#....
###...................#.....#....
# #...................#.####.....
# #....[.........o......####.##..
###.............@.....####...####
............#.#.o.....###..###
###...................##..##
#.............<...#.#..##
#......(..........#.#.##
##..###..#........#...# #.##
##..###...#.....##### #.#
##..#<...#.........## #.#
#...........#.###..####


You could see 2 orcs.

Vanquished Creatures
  An ogre (D:5)
  Blork the orc (D:4)
  A scorpion (D:4)
  A howler monkey (D:4)
  An orc priest (D:5)
  A bullfrog skeleton (D:4)
  2 orc wizards (D:5)
  2 worker ants
  4 gnolls
  8 adders
  A shadow imp (D:5)
  An ooze (D:4)
  3 worms
  5 dart slugs
  3 leopard geckos
  7 orcs
  7 bats
  5 giant cockroaches
  12 goblins
  6 hobgoblins
  7 jackals (D:3)
  5 kobolds
  2 quokkas
  2 ball pythons
  6 frilled lizards
  A leopard gecko zombie (D:5)
  9 rats
104 creatures vanquished.

Notes
Turn   | Place    | Note
-------+----------+-------------------------------------------
     0 | D:1      | JeffiDaFish the High Elf Ice Elementalist began the quest for the Orb.
     0 | D:1      | Reached XP level 1. HP: 11/11 MP: 4/4
   127 | D:1      | Reached XP level 2. HP: 15/17 MP: 2/6
   262 | D:1      | Learned a level 2 spell: Throw Frost
   441 | D:1      | Reached XP level 3. HP: 21/21 MP: 2/8
  1231 | D:2      | Reached skill level 4 in Ice Magic
  1332 | D:2      | Learned a level 3 spell: Ozocubu's Armour
  1625 | D:2      | Reached XP level 4. HP: 27/27 MP: 1/9
  2144 | D:3      | Found a glowing golden altar of the Shining One.
  2287 | D:3      | Reached XP level 5. HP: 16/32 MP: 11/11
  2444 | D:3      | Learned a level 4 spell: Summon Ice Beast
  2460 | D:3      | Reached skill level 1 in Short Blades
  2531 | D:3      | Reached skill level 1 in Fighting
  2613 | D:3      | Found a faded altar of an unknown god.
  3123 | D:4      | Reached skill level 1 in Armour
  3123 | D:4      | Reached skill level 1 in Charms
  3123 | D:4      | Reached XP level 6. HP: 26/38 MP: 5/12
  3437 | D:4      | Found a staircase to the Ecumenical Temple.
  3499 | D:4      | Noticed Blork the orc
  3510 | D:4      | Killed Blork the orc
  3674 | Temple   | Entered the Ecumenical Temple
  3717 | Temple   | Became a worshipper of Sif Muna the Loreminder
  3776 | D:5      | Entered Level 5 of the Dungeon
  3994 | D:5      | Reached XP level 7. HP: 43/43 MP: 5/14
  4061 | D:5      | Learned a level 4 spell: Throw Icicle
  4090 | D:5      | Reached skill level 1 in Summonings
  4172 | D:5      | Found a glowing silver altar of Zin.
  4181 | D:5      | Reached skill level 5 in Ice Magic
  4333 | D:4      | Slain by an orc

Skill      XL: |  1  2  3  4  5  6  7 |
---------------+----------------------+-----
Ice Magic      | 4 5 |  5.1
Spellcasting   | 3 4 |  4.1
Short Blades   | 1 2 |  2.6
Fighting       | 1 |  1.5
Conjurations   | 2 3 |  3.1
Armour         | 1 |  1.4
Charms         | 1 2 |  2.1
Dodging        | 3 |  3.2
Summonings     | 1 |  1.1
Stealth        | |  2.3

Action                   |  1- 3 |  4- 6 |  7- 9 || total
-------------------------+-------+-------+-------++-------
Melee: Unarmed           |     4 |       |       ||     4
       Dagger            |     5 |       |       ||     5
       Short sword       |    21 |       |       ||    21
       Rapier            |    10 |   143 |    35 ||   188
 Cast: Freeze            |    23 |    24 |     7 ||    54
       Throw Frost       |    29 |    35 |    12 ||    76
       Ozocubu's Armour  |       |     2 |     1 ||     3
  Use: Potion            |     5 |     1 |     1 ||     7
       Scroll            |     5 |     6 |       ||    11
 Stab: Sleeping          |     2 |     2 |       ||     4
  Eat: Chunk             |     3 |     9 |     1 ||    13
       Fruit             |       |       |     1 ||     1
Armor: Robe              |     6 |    11 |       ||    17
       Leather armour    |       |    36 |    22 ||    58
Dodge: Dodged            |    27 |   118 |    26 ||   171
